 Dungeon Crawl Stone Soup version 0.27-a0-1090-gb115f176c6 (webtiles) character file.

Game seed: 5426819281502252161

23 dolemite99 the Chopper (level 2, -1/26 HPs)
             Began as a Minotaur Fighter on Apr 28, 2021.
             Was a Follower of Okawaru.
             Slain by a gnoll
             ... wielding a +0 flail
              (8 damage)
             ... on level 1 of the Dungeon.
             The game lasted 00:01:02 (1055 turns).

dolemite99 the Chopper (Minotaur Fighter)           Turns: 1055, Time: 00:01:02

Health: -1/26      AC:  6    Str: 20    XL:     2   Next: 75%
Magic:  1/1        EV:  7    Int:  5    God:    Okawaru [*.....]
Gold:   2          SH:  9    Dex:  9    Spells: 1/1 levels left

rFire    . . .     SeeInvis .   a - +0 war axe
rCold    . . .     Faith    .   c - +0 kite shield
rNeg     . . .     Spirit   .   b - +0 scale mail
rPois    .         Reflect  .   (helmet restricted)
rElec    .         Harm     .   (no cloak)
rCorr    .         Rampage  .   (no gloves)
Will     .....                  (no boots)
Stlth    ..........             (no amulet)
HPRegen  0.08/turn              (no ring)
MPRegen  0.07/turn              (no ring)

@: mighty
A: horns 2, retaliatory headbutt
a: Renounce Religion, Heroism


You were on level 1 of the Dungeon.
You worshipped Okawaru.
Okawaru was aware of your devotion.
You visited 1 branch of the dungeon, and saw 2 of its levels.

You collected 2 gold pieces.

Inventory:

Hand Weapons
 a - a +0 war axe (weapon)
Missiles
 f - 32 stones (quivered)
Armour
 b - a +0 scale mail (worn)
 c - a +0 kite shield (worn)
Scrolls
 i - a scroll of identify {unknown}
 j - a scroll of amnesia {unknown}
Potions
 e - a potion of ambrosia {unknown}
 g - 2 potions of berserk rage {unknown}
 h - a potion of resistance {unknown}


   Skills:
 - Level 3.6 Fighting
 + Level 4.1 Axes
 - Level 3.6 Armour
 - Level 3.6 Shields


You had one spell level left.
You didn't know any spells.
Your spell library was empty.

Dungeon Overview and Level Annotations

Branches:
Dungeon (2/15)

Altars:
Okawaru


Innate Abilities, Weirdness & Mutations

You have a pair of horns on your head.
You reflexively headbutt those who attack you in melee.


Message History

Moving in this stuff is going to be slow.
Partly explored, can't reach some places.
(D) Dungeon
Where to? (? - help)
What level of the Dungeon? (default 1, ? - help)
There is an open gate here.
There is a stone staircase leading down here.
You climb downwards. 3 gnolls come into view.
The gnoll shouts! x3
Found 8 poisoned darts.
Found a stone staircase leading up.
There is a stone staircase leading up here.
A hobgoblin comes into view.
The hobgoblin shouts!
The gnoll hits you with a +0 whip. You block the gnoll's attack.
The gnoll hits you from afar with a +0 spear.
You climb upwards.
There is a stone staircase leading down here.
You hit the gnoll.
You headbutt the gnoll, but do no damage.
The gnoll is heavily wounded.
You hit the gnoll. The gnoll hits you with a +0 whip.
The gnoll hits you with a +0 flail.
You are too injured to fight recklessly!
You are too injured to fight recklessly!
You block the gnoll's attack. x2
You barely miss the gnoll. You headbutt the gnoll!
The gnoll is severely wounded.
The gnoll hits you but does no damage. The gnoll hits you with a +0 whip.
* * * LOW HITPOINT WARNING * * *
You feel very mighty all of a sudden. The gnoll hits you but does no damage.
You closely miss the gnoll.
The gnoll is severely wounded.
You block the gnoll's attack.
You slice the gnoll!!
You kill the gnoll!
Okawaru accepts your kill. The gnoll hits you with a +0 flail!
You die...

..#.#P##...##.♣♣P.P♣......≈≈≈≈#
..#.####'''#########♣.♣....≈≈≈#
..#.#..............#P......≈≈≈#
..#....###########.#......≈≈≈≈#
..#....# #.#P.....≈≈≈≈#
..#....# #.#.......≈≈≈#
..#....# ###.#♣♣.....≈≈≈#
..#....# #...# ♣♣...♣≈≈≈#
..#....# #@### ♣..# ≈#
......##.#######.#.# ♣#
.#..####.# #...# .##.## #.#
##### .##..# #.#


You could see a gnoll.

Vanquished Creatures
  A gnoll (D:1)
  5 ball pythons (D:1)
  2 endoplasms (D:1)
  A giant cockroach (D:1)
  4 goblins (D:1)
  2 jackals (D:1)
  A kobold (D:1)
  A quokka (D:1)
  A bat (D:1)
  A frilled lizard (D:1)
  3 rats (D:1)
22 creatures vanquished.

Notes
Turn   | Place    | Note
-------+----------+-------------------------------------------
     0 | D:1      | dolemite99 the Minotaur Fighter began the quest for the
                  | Orb.
     0 | D:1      | Reached XP level 1. HP: 19/19 MP: 0/0
   117 | D:1      | Reached skill level 3 in Axes
   157 | D:1      | Reached XP level 2. HP: 24/26 MP: 1/1
   352 | D:1      | Found a faded altar of an unknown god.
   364 | D:1      | Became a worshipper of Warmaster Okawaru
   364 | D:1      | Reached * piety under Okawaru
   646 | D:1      | Reached skill level 4 in Axes
  1055 | D:1      | Slain by a gnoll

Illustrated notes

Levels and vault maps discovered:
D:1:      kennysheep_arrival_seaside, layout_basic,
          hellmonk_ecumenical_altar_pennies_from_heaven, minivault_25
D:2:      layout_basic

Skill      XL: |  1  2 |
---------------+-------+-----
Axes           | 3 4 |  4.1
Fighting       | |  3.6
Armour         | |  3.6
Shields        | |  3.6

Action                   || total
-------------------------++-------
Melee: War axe           ||    54
       Headbutt          ||    10
Throw: Stone             ||     2
  Use: Potion            ||     1
Armor: Scale mail        ||    18
Dodge: Dodged            ||    17
Block: Kite shield       ||    37

Table legend: (Time is in decaauts)
 A = Elapsed time spent in this place.
 B = Non-inter-level travel time spent in this place.
 C = Inter-level travel time spent in this place.
 D = Time resting spent in this place.
 E = Time spent auto-exploring this place.
 F = Levels seen in this place.
 G = Mean time per level.
                   A        B        C        D        E       F      G
               +--------+--------+--------+--------+--------+-----+--------+
         Total |   1089 |   1051 |     38 |      0 |    831 |   2 |  544.5 |
       Dungeon |   1089 |   1051 |     38 |      0 |    831 |   2 |  544.5 |
               +--------+--------+--------+--------+--------+-----+--------+

Top non-repeatable levels by time:
     D:1: 1082 daAuts
     D:2: 7 daAuts
